 Dungeon Crawl Stone Soup version 0.31.0-11-ge490571c62 (webtiles) character file.

Game seed: 3620738831687695498

158070 CraigForest the Hoplite (level 17, -3/157 (159) HPs)
             Began as a Minotaur Gladiator on Feb 4, 2024.
             Was the Champion of Qazlal.
             Killed from afar by a ghostly deep elf annihilator (64 damage)
             ... with a crystal spear
             ... on level 3 of the Elven Halls.
             The game lasted 02:40:11 (25001 turns).

CraigForest the Hoplite (Minotaur Gladiator)       Turns: 25001, Time: 02:40:12

HP:   -3/157 (159)  AC: 29    Str: 26    XL:     17   Next: 13%
MP:   14/14         EV: 25    Int:  5    God:    Qazlal [******]
Gold: 667           SH: 40    Dex: 19    Spells: 16/16 levels left

rFire   + . .        W - +9 scimitar (flame)
rCold   + + +        E - +8 tower shield {rC+}
rNeg    . . .        y - +3 chain mail {rC+}
rPois   +            c - +2 hat
rElec   +            U - +0 cloak {rC+}
rCorr   .            (no gloves)
SInv    .            g - +2 pair of boots of Cocytus {rElec}
Will    ++...        f - amulet of regeneration Stlth
                     h - ring of the Endless Expanse {rPois rF+ Will+ Str+6}
HPRegen 1.26/turn    V - ring of the Hare {EV+10}
MPRegen 0.14/turn

%: repel missiles
@: protected from physical damage, lightly drained
A: horns 2, retaliatory headbutt, iridescent scales 1, low MP 1, shaggy fur 1,
MP-powered wands
a: Renounce Religion, Upheaval, Elemental Force, Disaster Area


You were on level 3 of the Elven Halls.
You worshipped Qazlal.
Qazlal was exalted by your worship.
You visited 6 branches of the dungeon, and saw 26 of its levels.
You visited the Abyss 1 time.
You also visited: Ice Cave and Volcano.

You collected 2665 gold pieces.
You spent 1998 gold pieces at shops.

Inventory:

Hand Weapons
 a - a +0 long sword of freezing
 e - a +2 hand cannon of flaming
 C - the +7 falchion of Yham {venom, rN++ Dex+4}
   (You found it on level 2 of the Elven Halls)

   Dex+4:     It affects your dexterity (+4).
   rN++:      It greatly protects you from negative energy.
 W - a +9 scimitar of flaming (weapon)
 Z - a +1 heavy long sword
Missiles
 d - 4 throwing nets
 S - 10 boomerangs (quivered)
Armour
 b - +0 fire dragon scales
 c - a +2 hat (worn)
 g - the +2 pair of boots of Cocytus (worn) {rElec}
   (You found it on level 3 of the Lair of Beasts)

   rElec:     It insulates you from electricity.
 j - a +1 cloak
 y - a +3 chain mail of cold resistance (worn)
 E - a +8 tower shield of cold resistance (worn)
 O - +0 acid dragon scales
 U - a +0 cloak of cold resistance (worn)
Jewellery
 f - an amulet of regeneration (around neck)
 h - the ring of the Endless Expanse (left hand) {rPois rF+ Will+ Str+6}
   (You bought it in a shop on level 14 of the Dungeon)

   [ring of strength]

   Str+6:     It affects your strength (+6).
   rF+:       It protects you from fire.
   rPois:     It protects you from poison Will+: It increases your willpower.
 k - a ring of positive energy
 m - a ring of protection from cold
 p - a ring of protection from cold
 s - a ring of see invisible
 I - a ring of resist corrosion
 P - a ring of protection from fire
 V - the ring of the Hare (right hand) {EV+10}
   (You bought it in a shop on level 14 of the Dungeon)

   [ring of evasion]

   EV+10:     It affects your evasion (+10).
Wands
 n - a wand of charming (11)
 u - a wand of quicksilver (13)
 v - a wand of flame (78)
 D - a wand of mindburst (7)
 G - a wand of digging (10)
Scrolls
 l - 6 scrolls of teleportation
 A - a scroll of blinking
 F - 4 scrolls of fog
 H - a scroll of enchant weapon
 L - 11 scrolls of identify
 N - 2 scrolls of summoning
 Q - 2 scrolls of brand weapon
 T - 2 scrolls of poison
 Y - a scroll of fear
Potions
 i - 2 potions of invisibility
 o - a potion of berserk rage
 q - 3 potions of magic
 r - a potion of mutation
 t - 4 potions of attraction
 w - 2 potions of heal wounds
 x - 3 potions of brilliance
 z - 2 potions of might
 B - 4 potions of resistance
 J - 3 potions of cancellation
 K - 3 potions of lignification
 R - 4 potions of haste
 X - 7 potions of curing
Miscellaneous
 M - a tin of tremorstones (inert)


   Skills:
 + Level 16.5 Fighting
 + Level 19.9 Long Blades
 + Level 2.6 Throwing
 + Level 13.6 Armour
 + Level 11.6 Dodging
 + Level 22.7 Shields
 + Level 0.3 Evocations


You had 16 spell levels left.
You didn't know any spells.
Your spell library contained the following spells:

 Spells                   Type           Power      Damage    Failure   Level
 Apportation              Tloc           0%         N/A       94%         1
 Magic Dart               Conj           0%         1d3       94%         1
 Necrotise                Necr           0%         1d4       94%         1
 Shock                    Conj/Air       0%         1d3       94%         1
 Slow                     Hex            0%         N/A       94%         1
 Sting                    Conj/Alch      0%         1d3       94%         1
 Summon Small Mammal      Summ           0%         N/A       94%         1
 Blink                    Tloc           0%         N/A       98%         2
 Call Imp                 Summ           0%         N/A       98%         2
 Jinxbite                 Hex            0%         N/A       98%         2
 Lesser Beckoning         Tloc           0%         N/A       98%         2
 Mercury Vapours          Alch/Air       0%         N/A       98%         2
 Momentum Strike          Conj/Tloc      0%         3d8       98%         2
 Searing Ray              Conj           0%         2d4       98%         2
 Static Discharge         Conj/Air       0%         3-3/arc   98%         2
 Sublimation of Blood     Necr           0%         N/A       98%         2
 Call Canine Familiar     Summ           0%         N/A       100%        3
 Confusing Touch          Hex            0%         N/A       100%        3
 Dazzling Flash           Conj/Hex       0%         N/A       100%        3
 Frozen Ramparts          Ice            0%         1d1       100%        3
 Fugue of the Fallen      Necr           0%         N/A       100%        3
 Mephitic Cloud           Conj/Alch/Air  0%         N/A       100%        3
 Ozocubu's Armour         Ice            0%         N/A       100%        3
 Sigil of Binding         Hex            0%         N/A       100%        3
 Swiftness                Air            0%         N/A       100%        3
 Tukima's Dance           Hex            0%         N/A       100%        3
 Vampiric Draining        Necr           0%         2d6       100%        3
 Airstrike                Air            0%         2d(0-16)  100%        4
 Animate Armour           Summ/Erth      0%         N/A       100%        4
 Cause Fear               Hex            0%         N/A       100%        4
 Dimensional Bullseye     Hex/Tloc       0%         N/A       100%        4
 Fulminant Prism          Conj/Alch      0%         3d5       100%        4
 Iskenderun's Mystic Bla  Conj/Tloc      0%         2d3       100%        4
 Leda's Liquefaction      Alch/Erth      0%         N/A       100%        4
 Manifold Assault         Tloc           0%         N/A       100%        4
 Martyr's Knell           Necr/Summ      0%         N/A       100%        4
 Olgreb's Toxic Radiance  Alch           0%         N/A       100%        4
 Passage of Golubria      Tloc           0%         N/A       100%        4
 Petrify                  Alch/Erth      0%         N/A       100%        4
 Summon Blazeheart Golem  Fire/Summ      0%         N/A       100%        4
 Summon Lightning Spire   Summ/Air       0%         N/A       100%        4
 Alistair's Intoxication  Alch           0%         N/A       100%        5
 Curse of Agony           Necr           0%         N/A       100%        5
 Fireball                 Conj/Fire      0%         3d3       100%        5
 Lee's Rapid Deconstruct  Erth           0%         3d4*      100%        5
 Metabolic Englaciation   Hex/Ice        0%         N/A       100%        5
 Silence                  Hex/Air        0%         N/A       100%        5
 Yara's Violent Unravell  Hex/Alch       0%         3d3       100%        5
 Bombard                  Conj/Erth      0%         9d1       100%        6
 Sculpt Simulacrum        Ice/Alch       0%         N/A       100%        6
 Ozocubu's Refrigeration  Ice            0%         4d7       100%        7
 Summon Hydra             Summ           0%         N/A       100%        7
 Dragon's Call            Summ           0%         N/A       100%        9
 Polar Vortex             Ice            0%         N/A       100%        9


Dungeon Overview and Level Annotations

Branches:
Dungeon (14/15)            Temple (1/1) D:5            Lair (5/5) D:11
 Shoals (0/4) Lair:3       Spider (1/4) Lair:2        Slime (0/5) Lair:4
    Orc (2/2) D:9             Elf (3/3) Orc:2        Vaults (0/5) D:14
  IceCv (visited)         Volcano (visited)

Altars:
Ashenzari
Cheibriados
Dithmenos
Elyvilon
Fedhas
Gozag
Hepliaklqana
Kikubaaqudgha
Makhleb
Nemelex Xobeh
Okawaru
Qazlal
Ru
Sif Muna
Trog
Uskayaw
Vehumet
Wu Jian
Xom
Yredelemnul
Zin
The Shining One
Jiyva

Shops:
D:1 *   D:14 =   Orc:2 !?[(:=[*   Elf:2 !

Annotations:
D:7 1 transporter, SuperJoe's ghost, novice MiFi


Innate Abilities, Weirdness & Mutations

You have a pair of horns on your head.
You reflexively headbutt those who attack you in melee.
You are partially covered in iridescent scales. (AC +2)
Your magical capacity is low. (-10% MP)
You are covered in fur. (AC +1)
You expend magic power (3 MP) to strengthen your wands.


Message History

The deep elf blademaster is lightly wounded.
The deep elf elementalist is engulfed in freezing vapours.
You block the deep elf elementalist's attack.
The deep elf sorcerer is engulfed in freezing vapours.
You block the deep elf blademaster's attack. x2
The ghostly deep elf blademaster is engulfed in freezing vapours.
You block the ghostly deep elf blademaster's attack.
The ghostly deep elf blademaster hits you with a +0 short sword!
The lost soul is engulfed in freezing vapours. x2
The deep elf elementalist is engulfed in freezing vapours.
You slice the deep elf blademaster!! You burn the deep elf blademaster.
The deep elf blademaster is moderately wounded.
You block the +1 heavy hand axe's attack.
You block the deep elf elementalist's attack.
You block the ghostly deep elf annihilator's attack. x2
The deep elf death mage beckons forth restless souls!
The deep elf blademaster hits you but does no damage. x2
The ghostly deep elf death mage barely misses you.
The ghostly deep elf blademaster is engulfed in freezing vapours.
The ghostly deep elf blademaster hits you with a +0 short sword!
You feel more protected from physical attacks.
The ghostly deep elf blademaster closely misses you.
You slice the deep elf blademaster!! You burn the deep elf blademaster.
The deep elf blademaster is heavily wounded.
You block the +1 heavy hand axe's attack.
The deep elf elementalist is engulfed in a thunderstorm.
The deep elf elementalist is no longer moving quickly.
The lost soul assumes the form of the deep elf elementalist and becomes anchored to this world!
You block the ghostly deep elf elementalist's attack.
The deep elf blademaster is engulfed in freezing vapours.
You block the deep elf blademaster's attack. x2
The ghostly deep elf annihilator completely misses you.
The ghostly deep elf blademaster is engulfed in freezing vapours.
The ghostly deep elf blademaster hits you with a +0 short sword!
The ghostly deep elf blademaster misses you.
The deep elf death mage beckons forth restless souls!
The deep elf demonologist casts a spell.
The ghostly deep elf annihilator casts a spell at you.
The crystal spear hits you!!!
You die...

#...........#
#...........# #
..........###.
#...........# #..)# ##+#
#...# ##.*# #...##
##..*# ##.#.## ##§ee*#
#?...####*e@(e# #####
####.......'§eeee#e.e*.e
#.......####*°ee*e.#
#.##.#.## ##.e..#e3e23e
#.##.#.# ##.43#######
#.##.#.# ##..# #.##.#.#
##+# #......# ###.#.####


You could see a deep elf blademaster, a ghostly deep elf blademaster, a deep elf
death mage, a ghostly deep elf death mage, a ghostly deep elf master archer, a
green death (summoned), 2 ghostly deep elf annihilators, a deep elf sorcerer
(fast), a ghostly deep elf sorcerer (fast), a deep elf elementalist (fast,
repels missiles), a ghostly deep elf elementalist (repels missiles), 2 sun
demons, 3 deep elf demonologists, a rust devil (summoned), 6 lost souls and a +1
heavy hand axe.

Vanquished Creatures
  Jorgrun (Elf:1)
  Frances (Elf:1)
  A deep elf sorcerer (Elf:3)
  The ghost of Ahonude the Brawler, a journeyman TrMo of Qazlal (D:13)
  An orc warlord (Orc:2)
  A deep elf elementalist (Elf:2)
  2 deep elf demonologists
  A deep elf death mage (Elf:3)
  A red draconian (Volcano)
  A spark wasp (Spider:1)
  A deep elf annihilator (Elf:3)
  The ghost of Poeklyxamm the Peltast, a journeyman MiFi of Cheibriados (D:13)
  Azrael (Elf:2)
  2 fire dragons
  3 entropy weavers (Spider:1)
  The ghost of Valamore the Severer, a journeyman MiFi of Okawaru (D:11)
  A hydra (Lair:5)
  3 vault guards (D:14)
  4 boulder beetles
  8 centaur warriors
  34 dancing weapons
  4 two-headed ogres
  An orc high priest (Orc:2)
  3 demonic crawlers (Spider:1)
  A skyshark (Lair:5)
  11 deep elf knights
  3 pharaoh ants (Spider:1)
  A sun moth (Spider:1)
  An orb spider (Spider:1)
  4 deep elf archers
  A lindwurm (Lair:5)
  3 arcanists (D:14)
  2 necromancers
  6 orc knights (Orc:2)
  18 deep elf zephyrmancers
  17 deep elf pyromancers
  6 orc sorcerers
  2 steelbarb worms (Spider:1)
  9 ugly things
  7 wolf spiders (Spider:1)
  4 manticores
  7 cyclopes
  3 meliai (D:14)
  5 black mambas
  2 kobold blastminers (Orc:2)
  3 molten gargoyles (Lair:5)
  5 elephants (Lair:3)
  An ice statue (IceCv)
  15 cane toads
  2 gargoyles
  2 torpor snails
  Maggie (D:7)
  4 rime drakes
  14 komodo dragons
  An unseen horror (D:10)
  A kobold demonologist (D:11)
  An anaconda simulacrum (IceCv)
  2 freezing wraiths
  11 ice devils (IceCv)
  8 trolls
  A queen bee (D:14)
  3 red devils (D:8)
  2 polar bears
  2 hornets
  16 tarantellas (Spider:1)
  4 saltlings (Orc:2)
  14 blink frogs
  3 air elementals
  4 shadows
  2 wraiths
  8 slime creatures
  3 dire elephant simulacra (IceCv)
  21 yaks
  11 culicivoras
  3 fire elementals
  11 jumping spiders (Spider:1)
  3 water elementals
  9 wyverns
  A vampire (D:9)
  A neqoxec (Abyss:2)
  3 basilisks
  17 humans (D:14)
  16 vampire mosquitoes
  2 wargs
  33 redbacks (Spider:1)
  3 steam dragons
  6 death yak simulacra (IceCv)
  5 harpy simulacra (IceCv)
  2 acid dragons
  6 hell hounds
  16 water moccasins
  18 orc warriors
  A hydra simulacrum (IceCv)
  4 ice beasts
  2 laughing skulls (D:13)
  2 black bears
  11 wolves
  12 centaurs
  3 ogres
  4 phantoms
  4 kobold brigands
  17 bullfrogs
  3 cane toad simulacra (IceCv)
  An earth elemental (Elf:3)
  3 gnoll sergeants
  A scorpion (D:7)
  A troll zombie (D:9)
  4 elephant simulacra (IceCv)
  20 killer bees
  An electric eel (Lair:3)
  3 howler monkeys
  2 bombardier beetles (D:6)
  4 hounds
  6 lava snakes
  10 orc priests
  18 jellies
  Ijyb (D:3)
  2 sleepcaps
  A gnoll bouda (D:7)
  Terence (D:2)
  2 iguanas (D:5)
  16 orc wizards
  6 hell rats (Lair:1)
  4 polar bear simulacra (IceCv)
  3 spriggan simulacra (IceCv)
  3 wolf simulacra (IceCv)
  5 ogre zombies (D:9)
  Robin (D:3)
  10 gnolls
  10 adders
  A naga simulacrum (IceCv)
  3 white imps
  5 ufetubi
  A dart slug (D:2)
  3 ribbon worms
  43 orcs
  5 endoplasms
  4 gnoll zombies (D:9)
  10 goblins
  7 hobgoblins
  24 kobolds
  6 quokkas
  7 ball pythons
  3 bats (D:1)
  4 frilled lizards
  2 gnoll skeletons (D:9)
  An orc skeleton (D:9)
  12 orc zombies (D:9)
  6 rats
860 creatures vanquished.

Vanquished Creatures (collateral kills)
  A gargoyle (D:10)
1 creature vanquished.

Vanquished Creatures (others)
  A deep elf sorcerer (Elf:3)
  A hobgoblin (D:3)
2 creatures vanquished.

Grand Total: 863 creatures vanquished

Notes
Turn   | Place    | Note
-------+----------+-------------------------------------------
     0 | D:1      | CraigForest the Minotaur Gladiator began the quest for the
                  | Orb.
     0 | D:1      | Reached XP level 1. HP: 18/18 MP: 0/0
    13 | D:1      | Found Apheiribb's Assorted Antiques.
   424 | D:1      | Reached XP level 2. HP: 23/25 MP: 1/1
   508 | D:1      | Found a faded altar of an unknown god.
  1130 | D:2      | Reached XP level 3. HP: 30/30 MP: 2/2
  1172 | D:2      | Reached skill level 1 in Armour
  1184 | D:2      | Reached XP level 4. HP: 28/37 MP: 3/3
  1283 | D:2      | Noticed Terence
  1291 | D:2      | Killed Terence
  1529 | D:2      | Reached skill level 5 in Long Blades
  1663 | D:2      | Reached XP level 5. HP: 45/45 MP: 4/4
  1862 | D:3      | Noticed Ijyb
  1890 | D:3      | Killed Ijyb
  2072 | D:3      | Noticed Robin
  2079 | D:3      | Killed Robin
  2603 | D:4      | Gained mutation: You expend magic power (3 MP) to
                  | strengthen your wands. [potion of mutation]
  2603 | D:4      | Gained mutation: You are partially covered in iridescent
                  | scales. (AC +2) [potion of mutation]
  2603 | D:4      | Gained mutation: Your magical capacity is low. (-10% MP)
                  | [potion of mutation]
  2603 | D:4      | Gained mutation: You are covered in fur. (AC +1) [potion of
                  | mutation]
  2670 | D:4      | Noticed a phantom
  2675 | D:4      | Killed a phantom
  2676 | D:4      | Reached XP level 6. HP: 46/51 MP: 4/4
  3203 | D:5      | Entered Level 5 of the Dungeon
  3203 | D:5      | Found a sacrificial altar of Ru.
  3204 | D:5      | Found a shadowy altar of Dithmenos.
  3209 | D:5      | Found an iron altar of Okawaru.
  3210 | D:5      | Found a basalt altar of Yredelemnul.
  3212 | D:5      | Found a radiant altar of Vehumet.
  3213 | D:5      | Found an ornate altar of the Wu Jian Council.
  3215 | D:5      | Found a glowing silver altar of Zin.
  3220 | D:5      | Found a blossoming altar of Fedhas.
  3278 | D:5      | Found a white marble altar of Elyvilon.
  3281 | D:5      | Reached XP level 7. HP: 59/59 MP: 5/5
  3431 | D:5      | Reached skill level 5 in Armour
  3536 | D:5      | Found a staircase to the Ecumenical Temple.
  3554 | Temple   | Entered the Ecumenical Temple
  3563 | Temple   | Became a worshipper of Qazlal Stormbringer
  3955 | D:6      | Found a broken altar of Ashenzari.
  4004 | D:6      | Reached skill level 5 in Fighting
  4004 | D:6      | Reached XP level 8. HP: 68/68 MP: 6/6
  4173 | D:6      | Reached * piety under Qazlal
  4261 | D:6      | You fall into a shaft and drop 2 floors!
  4461 | D:8      | Noticed a red devil
  4462 | D:8      | Noticed a red devil
  4476 | D:8      | Noticed a red devil
  4477 | D:8      | Killed a red devil
  4478 | D:8      | Reached skill level 5 in Dodging
  4482 | D:8      | HP: 3/70 [barbs]
  4625 | D:7      | Noticed a hornet
  4639 | D:7      | Noticed Maggie
  4683 | D:7      | Reached skill level 10 in Long Blades
  4683 | D:7      | Reached XP level 9. HP: 71/75 MP: 7/7
  4722 | D:7      | Killed Maggie
  4781 | D:7      | Noticed a manticore
  4799 | D:7      | Killed a manticore
  4987 | D:6      | Reached XP level 10. HP: 88/88 MP: 8/8
  5318 | D:6      | Reached ** piety under Qazlal
  5552 | D:7      | Found a transporter.
  5552 | D:7      | Found a transporter.
  5616 | D:7      | Noticed SuperJoe's ghost (novice MiFi)
  5622 | D:7      | Identified the amulet of the Catamount {Spirit rF+}
  5628 | D:7      | Identified the +6 trident "Wadi" {venom, ^Drain rElec Str+3
                  | Int+4}
  5628 | D:7      | Identified the +2 kite shield of Hedonism {rPois rN+++
                  | Will- Int+5}
  5673 | D:7      | Found a glowing golden altar of the Shining One.
  5936 | D:8      | Reached skill level 1 in Shields
  5954 | D:8      | Reached skill level 10 in Armour
  6044 | D:8      | Found a snail-covered altar of Cheibriados.
  6186 | D:8      | Reached skill level 2 in Shields
  6492 | D:9      | Found a staircase to the Orcish Mines.
  6585 | D:9      | Reached skill level 3 in Shields
  6651 | D:9      | Reached *** piety under Qazlal
  6783 | D:9      | Paralysed by a hornet for 3 turns
  7131 | D:9      | Reached skill level 4 in Shields
  7828 | D:10     | Entered Level 10 of the Dungeon
  7874 | D:10     | Noticed a gargoyle
  7889 | D:10     | Killed a gargoyle
  7909 | D:10     | Noticed a gargoyle
  7918 | D:10     | Killed a gargoyle
  7919 | D:10     | Reached skill level 5 in Shields
  8068 | D:10     | Reached XP level 11. HP: 97/97 MP: 8/8
  8453 | D:11     | Noticed a two-headed ogre
  8458 | D:11     | Noticed a white ugly thing
  8461 | D:11     | Killed a two-headed ogre
  8474 | D:11     | Killed a white ugly thing
  8475 | D:11     | Reached skill level 6 in Shields
  8741 | D:11     | Reached skill level 10 in Fighting
  8901 | D:11     | Reached skill level 7 in Shields
  8917 | D:11     | Noticed a sea snake
  9174 | D:11     | Noticed a sea snake
  9302 | D:11     | Noticed a two-headed ogre
  9308 | D:11     | Killed a two-headed ogre
  9346 | D:11     | Found a runed translucent gate.
  9346 | D:11     | Found a runed translucent gate.
  9373 | D:11     | Found a runed translucent gate.
  9374 | D:11     | Noticed Valamore's ghost (journeyman MiFi)
  9439 | D:11     | Found a staircase to the Lair.
  9538 | D:11     | Found a viscous altar of Jiyva.
  9559 | D:11     | Killed Valamore's ghost
  9559 | D:11     | Reached **** piety under Qazlal
  9560 | D:11     | Reached skill level 15 in Long Blades
  9560 | D:11     | Reached skill level 8 in Shields
  9661 | Lair:1   | Entered Level 1 of the Lair of Beasts
  9689 | Lair:1   | Reached skill level 9 in Shields
  9807 | Lair:1   | Reached XP level 12. HP: 108/108 MP: 9/9
  9947 | Lair:1   | Reached skill level 10 in Shields
 10565 | Lair:2   | Found a hole to the Spider Nest.
 10591 | Lair:2   | Reached skill level 11 in Shields
 10610 | Lair:2   | Reached ***** piety under Qazlal
 11187 | Lair:2   | Noticed a fire dragon
 11215 | Lair:2   | Killed a fire dragon
 11468 | Lair:3   | Reached skill level 12 in Shields
 11495 | Lair:3   | Identified the +2 pair of boots of Cocytus {rElec}
 11930 | Lair:3   | Reached XP level 13. HP: 116/118 MP: 10/10
 12210 | Lair:3   | Found a staircase to the Shoals.
 12423 | Lair:4   | Reached skill level 13 in Shields
 12592 | Lair:4   | Found a staircase to the Slime Pits.
 13069 | Lair:4   | Found a viscous altar of Jiyva.
 13451 | Lair:5   | Entered Level 5 of the Lair of Beasts
 13766 | Lair:5   | Reached skill level 14 in Shields
 13941 | Lair:5   | Noticed a fire dragon
 13943 | Lair:5   | Found a large runed translucent door.
 13944 | Lair:5   | Found a large runed translucent door.
 13976 | Lair:5   | Killed a fire dragon
 14138 | Lair:5   | Found a dark tunnel.
 14148 | Volcano  | Entered a volcano
 14170 | Volcano  | Noticed a red draconian
 14198 | Volcano  | Killed a red draconian
 15036 | Orc:1    | Entered Level 1 of the Orcish Mines
 15101 | Orc:1    | You fall into a shaft and drop 1 floor!
 15101 | Orc:2    | Entered Level 2 of the Orcish Mines
 15176 | Orc:2    | Reached skill level 15 in Shields
 15187 | Orc:2    | Reached ****** piety under Qazlal
 15413 | Orc:1    | Reached XP level 14. HP: 117/129 MP: 11/11
 15896 | Orc:2    | Found a staircase to the Elven Halls.
 15900 | Orc:2    | Found Beduc's Armour Boutique.
 16011 | Orc:2    | Noticed an orc warlord
 16024 | Orc:2    | Killed an orc warlord
 16025 | Orc:2    | Reached skill level 10 in Dodging
 16199 | Orc:2    | Found Ryathrim's Distillery.
 16258 | Orc:2    | Reached skill level 16 in Shields
 16263 | Orc:2    | Found Zefucuij's Antique Armour Shoppe.
 16265 | Orc:2    | Found Daudosam's Magic Scroll Shoppe.
 16273 | Orc:2    | Bought a scroll of enchant armour for 120 gold pieces
 16298 | Orc:2    | Found Xobikec's Antique Weapon Boutique.
 16329 | Orc:2    | Found Saqalauch's Book Shoppe.
 16334 | Orc:2    | Found Watic's Jewellery Boutique.
 16366 | Orc:2    | Found Washrij's Assorted Antiques.
 16757 | Orc:1    | Found a shimmering blue altar of Sif Muna.
 17072 | D:12     | Found a frozen archway.
 17087 | IceCv    | Entered an ice cave
 17270 | IceCv    | Found an ancient bone altar of Kikubaaqudgha.
 18424 | D:13     | Reached skill level 17 in Shields
 18685 | D:13     | Found a runed translucent gate.
 18686 | D:13     | Found a runed translucent gate.
 18687 | D:13     | Noticed Ahonude's ghost (journeyman TrMo)
 18688 | D:13     | Found a runed translucent gate.
 18688 | D:13     | Noticed Poeklyxamm's ghost (journeyman MiFi)
 18724 | D:13     | Killed Ahonude's ghost
 18729 | D:13     | Killed Poeklyxamm's ghost
 19226 | D:14     | Found Pannamug's Jewellery Emporium.
 19301 | D:14     | Reached XP level 15. HP: 136/139 MP: 12/12
 19303 | D:14     | Found a shadowy altar of Dithmenos.
 19438 | D:14     | Reached skill level 18 in Shields
 19700 | D:14     | Found a gate to the Vaults.
 20078 | D:14     | Bought the ring of the Hare {EV+10} for 1280 gold pieces
 20078 | D:14     | Bought the ring of the Endless Expanse {rPois rF+ Will+
                  | Str+6} for 598 gold pieces
 20078 | D:14     | Found the ring of the Hare {EV+10}
 20523 | Spider:1 | Entered Level 1 of the Spider Nest
 20608 | Spider:1 | Reached skill level 15 in Fighting
 20811 | Spider:1 | Reached skill level 19 in Shields
 21663 | Spider:1 | Found a runed translucent door.
 21737 | Spider:1 | Reached skill level 20 in Shields
 21953 | Spider:1 | Reached XP level 16. HP: 144/149 MP: 13/13
 21997 | Spider:1 | HP: 3/149 [+0 halberd (19)]
 22020 | Spider:1 | Identified the +8 mace "Cukituh" {speed, Int+5}
 22535 | Elf:1    | Entered Level 1 of the Elven Halls
 22640 | Elf:1    | Found a radiant altar of Vehumet.
 22762 | Elf:1    | Noticed Jorgrun
 22777 | Elf:1    | Killed Jorgrun
 22944 | Elf:1    | Noticed a Hell Sentinel
 22980 | Elf:1    | Noticed Frances
 23009 | Elf:1    | Killed Frances
 23582 | Elf:2    | Reached skill level 21 in Shields
 23607 | Elf:2    | Paralysed by an air elemental for 1 turns
 23802 | Elf:2    | Identified the +7 falchion of Yham {venom, rN++ Dex+4}
 23819 | Elf:2    | Found Feserchy's Distillery.
 23995 | Elf:2    | Found a huge runed translucent gate.
 23995 | Elf:2    | Found a huge runed translucent gate.
 23995 | Elf:2    | Found a huge runed translucent gate.
 24001 | Elf:2    | Found a huge runed translucent gate.
 24001 | Elf:2    | Found a huge runed translucent gate.
 24032 | Elf:2    | Noticed Azrael
 24047 | Elf:2    | Killed Azrael
 24164 | Elf:2    | Reached skill level 22 in Shields
 24406 | Elf:2    | Identified the blade talisman "Hepufuil" {rElec rF+ rN+}
 24550 | Elf:3    | Entered Level 3 of the Elven Halls
 24620 | Elf:3    | Reached XP level 17. HP: 157/159 MP: 14/14
 24901 | Elf:3    | Noticed a deep elf master archer
 24910 | Elf:3    | Noticed a deep elf blademaster
 24919 | Elf:3    | Killed a deep elf master archer
 24921 | Abyss:2  | Cast into level 2 of the Abyss (a ghostly deep elf
                  | sorcerer)
 24970 | Elf:3    | Escaped the Abyss
 24980 | Elf:3    | Noticed a deep elf blademaster
 24997 | Elf:3    | Killed a deep elf blademaster
 25001 | Elf:3    | Killed from afar by a ghostly deep elf annihilator

Illustrated notes

Levels and vault maps discovered:
D:1:      psy_arrival_radial02, layout_basic, serial_shops, shop,
          shapermc_ecumenical_altar_ellora
D:2:      layout_rooms, minmay_small_reverse_x, uniq_terence
D:3:      layout_basic, interstate_on_off, uniq_robin, uniq_ijyb
D:4:      layout_basic, dk_noncrumbling_3, chequers_big_river
D:5:      layout_loops_ring, nicolae_overflow_hallway_of_the_gods,
          mainiacjoe_overflow_24_doors, minmay_temple_entry_statues_pillars,
          nicolae_kite_square_tiling_tiny
D:6:      layout_gridville, mainiacjoe_overflow_tiny_flanked, minmay_holes
D:7:      layout_loops_cross, tso_altar, gammafunk_ghost_gnarly_gnolls,
          minmay_manual_mess, uniq_maggie
D:8:      layout_loops_corners, slow_altar_2,
          einodemon_armed_red_devil_minivault
D:9:      layout_long_grid, zombieorc1_lemuel, minmay_misc_feat_alley
D:10:     layout_long_grid
D:11:     layout_roguey, lair_entry_dummy, gammafunk_ghost_ooze,
          serial_aquarium, aquarium_bridge_square [aquarium_subvault_wall,
          aquarium_subvault_bridge, aquarium_subvault_bridge,
          aquarium_subvault_bridge], aquarium_bridge_long_separate
          [aquarium_subvault_balcony, aquarium_subvault_bridge,
          aquarium_subvault_balcony, aquarium_subvault_balcony,
          aquarium_subvault_wall, aquarium_subvault_bridge], aquarium_window_2,
          aquarium_window_fake, aquarium_window_corridor_3, aquarium_view_2g,
          aquarium_balcony_5b, minmay_misc_feat_columns
D:12:     layout_roguey, portal_ice_cave_rime
D:13:     layout_loops_corners, gammafunk_ghost_cemetery
D:14:     layout_basic, grunt_vaults_entry_tiered,
          nicolae_dithmenos_through_a_glass_darkly, nicolae_inconvenience_store,
          nicolae_looking_at_the_future
Temple:   nicolae_temple_ecumenical_triangle
Lair:1:   layout_loops_ring, grunt_megastairs_4
Lair:2:   dragon1_lemuel, layout_misc_corridors,
          hellmonk_spider_entry_life_and_decay, grunt_megastairs_2
Lair:3:   layout_cave_pods, mainiacjoe_shoals_entry_four_pools
Lair:4:   layout_regular_city, minmay_slime_entry_jelly_boxes,
          serial_bayou_shore_b
Lair:5:   cheibrodos_lair_end_hotspot, layout_big_grid, enter_volcano_1
Spider:1: cheibrodos_spider_deadly_dance, nicolae_spider_jagged_tunnels
Orc:1:    nicolae_orc_accident_3, layout_diamond_mine, led_sif_book
Orc:2:    hellmonk_orc_salted, layout_caves, serial_shops, shop, shop, shop,
          shop
Elf:1:    layout_gridlike, basic_altar, minmay_elf_demonology, uniq_jorgrun,
          uniq_frances
Elf:2:    elven_hall_of_blades_hangedman_alternative
          [nicolae_blade_entry_pointy_end], layout_geoelf_octagon, serial_shops,
          shop, uniq_azrael
Elf:3:    grunt_elf_hall_branching, layout_loops_corners

Skill      XL: |  1  2  3  4  5  6  7  8  9 10 11 12 13 14 15 16 |
---------------+-------------------------------------------------+-----
Long Blades    | 4 5 6 8 10 11 14 15 16 17 18 19 | 19.9
Armour         | 2 3 4 5 7 9 10 11 12 13 | 13.6
Fighting       | 3 4 5 6 7 9 10 12 13 14 15 16 | 16.5
Dodging        | 4 5 6 7 9 10 11 | 11.6
Shields        | 5 9 12 15 17 20 22 | 22.7
Throwing       | |  2.6
Evocations     | |  0.3

Action                     |  1- 3 |  4- 6 |  7- 9 | 10-12 | 13-15 | 16-18 || total
---------------------------+-------+-------+-------+-------+-------+-------++-------
  Melee: Long sword        |    91 |   128 |   243 |   720 |   473 |       ||  1655
         Headbutt          |     8 |    24 |    55 |   169 |   413 |   144 ||   813
         Punch             |       |       |     3 |       |       |       ||     3
         Scimitar          |       |       |       |       |  1004 |   480 ||  1484
  Throw: Javelin           |       |       |     1 |       |       |       ||     1
         Boomerang         |       |       |       |       |     7 |       ||     7
  Evoke: Tin of tremorston |       |       |       |       |     3 |     2 ||     5
    Use: Scroll            |     4 |     4 |     8 |    11 |     7 |    11 ||    45
         Potion            |       |     1 |     4 |     3 |     2 |     2 ||    12
 Armour: Leather armour    |    10 |       |       |       |       |       ||    10
         Scale mail        |    97 |    85 |   125 |    32 |       |       ||   339
         Plate armour      |       |       |   168 |    98 |       |       ||   266
         Acid dragon scale |       |       |       |   191 |       |       ||   191
         Chain mail        |       |       |       |    36 |   445 |   205 ||   686
         Fire dragon scale |       |       |       |       |    48 |       ||    48
  Dodge: Dodged            |    54 |    70 |   157 |   226 |   476 |   189 ||  1172
         Repelled          |       |       |       |       |    20 |    15 ||    35
  Block: Other             |       |       |     7 |       |       |       ||     7
         Kite shield       |       |       |     3 |   528 |   761 |       ||  1292
         Tower shield      |       |       |       |       |  1286 |   864 ||  2150
